 Dungeon Sprint DCSS version 0.28-a0-863-g8cecda6153 (webtiles) character file.

Game seed: 2776207631426505930

104 Turgor the Poker (level 4, 0/66 HPs)
             Began as a Minotaur Berserker on Nov 17, 2021.
             Was a Priest of Trog.
             Slain by a sky beast (3 damage)
             ... in the Dungeon (Sprint IX: "|||||||||||||||||||||||||||||").
             The game lasted 00:01:08 (48 turns).

Turgor the Poker (Minotaur Berserker)                 Turns: 48, Time: 00:01:08

Health: 0/66       AC:  2    Str: 22    XL:     4   Next: 52%
Magic:  3/3        EV: 13    Int:  4    God:    Trog [***...]
Gold:   0          SH:  0    Dex: 10    Spells: 3/3 levels left

rFire   . . .      SeeInvis .   a - +0 spear
rCold   . . .      Faith    .   (no shield)
rNeg    . . .      Spirit   .   b - +0 animal skin
rPois   .          Reflect  .   (helmet restricted)
rElec   .          Harm     .   (no cloak)
rCorr   .          Rampage  .   (no gloves)
Will    .....      NoTele   +   (no boots)
Stlth   ..........              (no amulet)
HPRegen 0.21/turn               (no ring)
MPRegen 0.08/turn               (no ring)

@: berserking (expiring), lethally poisoned (0 -> -2), very quick
A: horns 2, retaliatory headbutt
a: Renounce Religion, Berserk, Trog's Hand


You were in the Dungeon.
You worshipped Trog.
Trog was most pleased with you.
You visited 1 branch

Inventory:

Hand Weapons
 a - a +0 spear (weapon)
Missiles
 i - 4 stones (quivered)
Armour
 b - a +0 animal skin (worn)
Scrolls
 h - a scroll of blinking
Potions
 c - a potion of curing
 d - a potion of heal wounds
 e - a potion of haste
 f - 2 potions of magic
 g - a potion of berserk rage


   Skills:
 + Level 6.0 Fighting
 * Level 7.7 Polearms
 + Level 5.3 Armour
 + Level 4.8 Dodging


You had 3 spell levels left.
You didn't know any spells.
Your spell library was empty.

Dungeon Overview and Level Annotations

Branches:
Dungeon (1/1)

Altars:


Innate Abilities, Weirdness & Mutations

You have a pair of horns on your head.
You reflexively headbutt those who attack you in melee.


Message History

You have reached level 2!
You have reached level 3!
Your experience leads to an increase in your attributes!
Increase (S)trength, (I)ntelligence, or (D)exterity?
You feel stronger.
You are too berserk!
* * * LOW HITPOINT WARNING * * *
You feel sick. The iguana completely misses you.
There is an open door here.
You puncture the iguana! You headbutt the iguana!
You kill the iguana!
Trog accepts your kill.
* * * LOW HITPOINT WARNING * * *
You feel sick.
Your Polearms skill increases to level 7!
Your Armour skill increases to level 5!
You have reached level 4!
You feel agile.
You miss the adder.
* * * LOW HITPOINT WARNING * * *
You feel sick. The adder bites you but does no damage.
You puncture the adder!
The adder is almost dead.
You puncture the adder!
You feel the power of Trog in you as your rage grows.
You kill the adder!
Trog accepts your kill.
Your Fighting skill increases to level 6!
Reach: a) +0 spear
Press: ? - help, Dir - move target, f - sky beast
Aim: a sky beast (about 44% to evade your +0 spear)
You reach to attack!
You miss the sky beast.
* * * LOW HITPOINT WARNING * * *
You feel sick.
Unknown command.
You barely miss the sky beast. You miss the sky beast.
* * * LOW HITPOINT WARNING * * *
You feel sick. The sky beast hits you.
You die... ▓▓▓▓▓▓▓▓▓▓▓▓▓▓▓▓▓▓ ▓<...).....@Y.l..+ ▓▓▓▓▓▓▓▓▓▓▓▓▓▓▓▓▓▓

You could see a sky beast and an iguana.

Vanquished Creatures
  A scorpion (D)
  An iguana (D)
  An adder (D)
  2 endoplasms (D)
  A hobgoblin (D)
  A kobold (D)
  A rat (D)
8 creatures vanquished.

Notes
Turn   | Place    | Note
-------+----------+-------------------------------------------
     0 | D        | Turgor the Minotaur Berserker began the quest for the Orb.
     0 | D        | Reached XP level 1. HP: 19/19 MP: 0/0
     6 | D        | Reached skill level 4 in Polearms
    11 | D        | Reached ** piety under Trog
    35 | D        | Noticed a scorpion
    35 | D        | Noticed an iguana
    35 | D        | Noticed a sky beast
    35 | D        | Noticed an iguana
    40 | D        | Killed a scorpion
    41 | D        | Reached skill level 5 in Fighting
    41 | D        | Reached skill level 6 in Polearms
    41 | D        | Reached XP level 2. HP: 4/29 MP: 1/1
    41 | D        | Reached XP level 3. HP: 6/36 MP: 2/2
    42 | D        | Reached *** piety under Trog
    43 | D        | Reached skill level 7 in Polearms
    43 | D        | Reached skill level 5 in Armour
    43 | D        | Reached XP level 4. HP: 5/44 MP: 3/3
    46 | D        | HP: 3/66 [poisoned by a scorpion]
    48 | D        | Slain by a sky beast

Illustrated notes

Levels and vault maps discovered:
D:        linesprint [early_d, line_temple, items_1, d_10, items_2, lair_1,
          lair_end, items_3, orc_1, orc_end, items_4, d_15, swamp_1, shoals_1,
          snake_1, spider_1, d_20, vaults_1, items_5, swamp_end, shoals_end,
          snake_end, spider_end, vaults_end, d_27, items_6, zot_1, zot_end,
          crypt_end, forest_end, elf_end, slime_end, tomb_end, abyss_end,
          pan_hell_end]

Skill      XL: |  1  2  3  4 |
---------------+-------------+-----
Polearms       | 6 7 |  7.7
Fighting       | 5 6 |  6.0
Armour         | 4 5 |  5.3
Dodging        | 4 |  4.8

Action                   |  1- 3 |  4- 6 || total
-------------------------+-------+-------++-------
Melee: Spear             |    17 |     6 ||    23
       Headbutt          |     4 |       ||     4
Invok: Berserk           |     1 |       ||     1
Armor: Animal skin       |       |     1 ||     1
Dodge: Dodged            |     6 |       ||     6

Table legend: (Time is in decaauts)
 A = Elapsed time spent in this place.
 B = Non-inter-level travel time spent in this place.
 C = Inter-level travel time spent in this place.
 D = Time resting spent in this place.
 E = Time spent auto-exploring this place.
 F = Levels seen in this place.
 G = Mean time per level.
                   A        B        C        D        E       F      G
               +--------+--------+--------+--------+--------+-----+--------+
         Total |     41 |     41 |      0 |     11 |      0 |   1 |   41.0 |
       Dungeon |     41 |     41 |      0 |     11 |      0 |   1 |   41.0 |
               +--------+--------+--------+--------+--------+-----+--------+

Top non-repeatable levels by time:
       D: 41 daAuts
